Map: Overgrown Facility

Players

SilentGen

  • Race: Zerg Zerg
  • League: Diamond
  • Spawn Location: 3:00

XxjuxX

  • Race: Protoss Protoss
  • Spawn Location: 1:00

PureLegacy - Winner!

  • Race: Terran Terran
  • Spawn Location: 9:00

Ghost - Winner!

  • Race: Protoss Protoss
  • League: Diamond
  • Spawn Location: 7:00

VOD

Have the link to the VOD?

Description

Time

  • Played on: Nov. 29, 2018, 11:56 a.m.
  • Length: 8:20
Show
View Real Time Build Order
Export as new Build Order

SilentGen Zerg 

Build Orders: Hatch First 

Get SALT Encoding   

  12  0:01  Drone  
  13  0:12  Overlord  
  13  0:18  Drone  
  14  0:31  Drone x2  
  14  0:34  Drone  
  17  0:55  Hatchery  
  16  0:58  Drone  
  16  1:02  Drone  
  18  1:12  Extractor  
  18  1:17  Spawning Pool  
  16  1:20  Drone  
  16  1:23  Drone  
  18  1:30  Drone  
  19  1:39  Drone  
  20  1:52  Overlord  
  20  2:05  Queen  
  20  2:07  Queen  
  24  2:08  Zergling x2  
  24  2:09  Zergling x2  
  24  2:13  Drone  
  24  2:15  Metabolic Boost  
  27  2:21  Drone  
  28  2:33  Drone x3  
  30  2:43  Drone x2  
  32  2:52  Drone  
  32  2:55  Hatchery  
  32  3:04  Drone x2  
  34  3:08  Overlord  
  34  3:18  Overlord  
  34  3:21  Drone  
  35  3:29  Drone x4  
  35  3:30  Drone x2  
  35  3:33  Lair  
  41  3:42  Baneling Nest  
  40  3:53  Zergling x10  
  40  3:54  Zergling x8  
  49  3:58  Spore Crawler  
  47  4:04  Spore Crawler  
  47  4:05  Queen  
  49  4:10  Drone x3  
  49  4:14  Queen  
  49  4:15  Drone  
  54  4:19  Overlord  
  54  4:30  Drone x3  
  57  4:37  Overlord x3  
  57  4:48  Spore Crawler  
  57  4:51  Spore Crawler x2  
  54  4:54  Drone  
  54  4:55  Drone x2  
  54  4:56  Drone x3  
  54  4:57  Drone x3  
  63  5:09  Extractor  
  63  5:10  Drone x2  
  63  5:11  Drone x4, Hydralisk Den  
  67  5:14  Drone  
  67  5:15  Drone  
  67  5:19  Extractor  
  67  5:20  Extractor  
  67  5:29  Drone x6  
  67  5:34  Extractor  
  72  5:36  Drone x4, Extractor  
  75  5:43  Centrifical Hooks  
  75  5:57  Baneling x4  
  75  6:04  Overlord x2  
  75  6:05  Overlord x2  
  70  6:15  Hydralisk x2  
  70  6:16  Hydralisk x4, Hatchery  
  78  6:38  Hydralisk x8  
  94  6:40  Hydralisk  
  96  6:49  Muscular Augments  
  80  7:16  Zergling x2  
  80  7:17  Hydralisk x9  
  99  7:30  Hydralisk x4  
  99  7:31  Hydralisk x2  
  111  7:40  Overlord x3  
  111  7:42  Zergling x8  
  111  7:43  Zergling x2  
  115  7:45  Zergling x2  
  115  7:50  Baneling  
  116  7:52  Baneling  
  116  7:58  Zergling x14  
  121  7:59  Zergling x4  
  121  8:00  Zergling x2  
Show
View Real Time Build Order
Export as new Build Order

XxjuxX Protoss 

Build Orders: 1 Gate Expand 

Get SALT Encoding   

  12  0:01  Probe  
  13  0:13  Probe  
  14  0:18  Pylon  
  14  0:25  Probe  
  15  0:37  Probe  
  15  0:42  Gateway  
  16  0:48  Assimilator  
  16  0:50  Probe  
  17  1:06  Probe  
  18  1:18  Probe  
  19  1:22  Nexus  
  19  1:32  Cybernetics Core  
  19  1:36  Probe  
  20  1:42  Warp Gate  
  20  1:43  Assimilator  
  20  1:51  Probe, Pylon  
  21  2:02  Stalker  
  21  2:03  Probe  
  22  2:15  Probe  
  25  2:22  Gateway  
  25  2:27  Probe  
  26  2:36  Probe  
  27  2:39  Probe  
  28  2:47  Gateway  
  28  2:48  Probe  
  29  2:51  Probe  
  29  2:57  Stalker  
  32  3:00  Probe  
  32  3:05  Shield Battery  
  33  3:06  Probe  
  34  3:13  Stalker, Probe  
  34  3:19  Probe  
  38  3:25  Probe  
  39  3:28  Robotics Facility  
  39  3:31  Probe  
  40  3:35  Pylon  
  40  3:44  Stalker  
  40  3:47  Stalker  
  44  3:49  Probe  
  44  3:51  Probe  
  46  3:57  Shield Battery  
  46  4:01  Stalker  
  48  4:03  Probe  
  48  4:07  Probe  
  50  4:15  Observer  
  50  4:16  Stalker, Probe  
  54  4:22  Pylon  
  54  4:24  Assimilator  
  54  4:31  Gateway  
  54  4:33  Twilight Council  
  54  4:43  Stalker x2  
  54  4:44  Stalker  
  60  4:51  Blink  
  60  5:03  Gateway  
  60  5:05  Pylon  
  60  5:10  Forge  
  60  5:11  Pylon  
  60  5:14  Stalker  
  60  5:20  Pylon  
  62  5:25  Stalker  
  62  5:26  Stalker  
  66  5:30  Stalker  
  68  5:43  Stalker  
  68  5:49  Probe x2  
  72  5:51  Assimilator  
  72  5:57  Stalker x2  
  72  6:01  Stalker, Probe  
  49  6:25  Stalker  
  49  6:26  Stalker x3  
  49  6:30  Stalker  
  59  6:53  Stalker x3  
  59  6:54  Stalker  
  57  7:06  Stalker  
  55  7:17  Stalker x4  
  63  7:30  Zealot  
  65  7:40  Zealot x2  
  65  7:41  Zealot  
  71  7:47  Pylon  
  71  7:49  Pylon  
  71  7:55  Cybernetics Core  
  71  8:02  Zealot x3  
Show
View Real Time Build Order
Export as new Build Order

PureLegacy Terran - Winner!

Build Orders: Reaper Expand 

Get SALT Encoding   

  12  0:01  SCV  
  13  0:13  SCV  
  14  0:18  Supply Depot  
  14  0:28  SCV  
  15  0:41  SCV  
  16  0:44  Barracks  
  16  0:47  Refinery  
  16  0:53  SCV  
  17  1:05  SCV  
  18  1:17  SCV  
  19  1:31  Reaper, Orbital Command  
  20  1:50  Command Center  
  20  1:59  Supply Depot, SCV  
  21  2:07  Barracks Reactor  
  21  2:13  SCV  
  22  2:21  Barracks  
  22  2:22  Barracks  
  22  2:26  SCV  
  23  2:38  SCV  
  23  2:44  Marine x2  
  23  2:46  Supply Depot  
  23  2:48  Bunker  
  23  2:50  SCV  
  26  3:02  SCV  
  26  3:04  Marine x2  
  29  3:06  Orbital Command  
  29  3:09  Refinery  
  29  3:10  Marine, Barracks Tech Lab  
  30  3:18  SCV  
  31  3:22  Marine x2  
  33  3:31  Marine x2, Stimpack  
  33  3:33  SCV x2  
  37  3:42  Marine x2  
  37  3:45  SCV  
  37  3:46  SCV  
  41  3:49  Factory  
  41  3:53  Marine x2  
  43  3:57  SCV  
  43  3:58  SCV  
  45  4:02  Engineering Bay  
  45  4:10  SCV x2  
  45  4:14  Marine x4  
  51  4:17  Supply Depot  
  51  4:22  SCV x2  
  53  4:29  Terran Infantry Weapons Level 1  
  53  4:34  Starport  
  53  4:35  Factory Reactor  
  53  4:36  SCV  
  54  4:38  SCV  
  54  4:39  Supply Depot  
  54  4:40  Barracks Reactor  
  55  4:46  Supply Depot  
  55  4:48  SCV  
  55  4:50  SCV  
  55  4:52  Barracks  
  57  4:57  Barracks  
  57  5:01  Missile Turret  
  57  5:03  Missile Turret  
  57  5:07  SCV x2  
  59  5:10  Refinery, Marine x2  
  59  5:11  Refinery  
  61  5:21  Medivac  
  61  5:22  Medivac  
  61  5:24  SCV  
  61  5:25  Supply Depot, SCV  
  67  5:29  Factory Tech Lab  
  67  5:33  Marine  
  67  5:34  Marine x4  
  72  5:37  SCV  
  72  5:38  Supply Depot, SCV  
  74  5:44  Combat Shield  
  74  5:45  Barracks Reactor  
  74  5:47  Supply Depot  
  74  5:48  Barracks Reactor  
  74  5:59  Siege Tank  
  74  6:00  Marine x3  
  74  6:15  Marine x2  
  74  6:18  Marine x3  
  74  6:23  Terran Infantry Armor Level 1  
  76  6:28  Supply Depot, Marine x2  
  76  6:29  Supply Depot, Marine x2  
  76  6:31  Medivac x2  
  84  6:33  Marine x2  
  86  6:40  Marine x3  
  86  6:42  Siege Tank  
  92  6:48  Supply Depot  
  92  6:50  Supply Depot  
  92  6:53  Marine x4  
  92  6:54  Marine x2  
  97  6:57  Marine  
  99  7:02  Medivac x2  
  99  7:05  Marine x2  
  105  7:11  Supply Depot, Marine x2  
  107  7:16  Marine x3  
  107  7:17  Marine x2  
  107  7:20  Siege Tank  
  115  7:23  Marine  
  115  7:32  Medivac x2, Marine x3  
  115  7:34  Marine x2  
  115  7:36  Marine  
  125  7:41  Marine, Marauder  
  128  7:45  Supply Depot  
  128  7:46  Supply Depot  
  128  7:51  Marine x3  
  130  7:56  Marine x3  
Show
View Real Time Build Order
Export as new Build Order

Ghost Protoss - Winner!

Build Orders: Phoenix Opening, Mass Phoenix 

Get SALT Encoding   

  12  0:00  Probe  
  13  0:13  Probe  
  14  0:18  Pylon  
  14  0:24  Probe  
  15  0:32  Probe  
  15  0:41  Gateway, Probe  
  16  0:49  Assimilator  
  17  0:51  Probe  
  18  1:00  Probe  
  18  1:03  Assimilator  
  19  1:08  Probe  
  19  1:17  Probe  
  21  1:29  Probe, Cybernetics Core  
  22  1:37  Pylon  
  22  1:44  Probe  
  23  1:55  Zealot  
  23  1:59  Pylon  
  25  2:03  Probe  
  26  2:10  Stargate  
  26  2:14  Warp Gate  
  26  2:21  Shield Battery  
  25  2:40  Nexus  
  25  2:42  Probe  
  26  2:47  Phoenix  
  26  2:54  Probe  
  29  3:06  Probe, Phoenix  
  32  3:19  Probe  
  33  3:21  Pylon  
  33  3:25  Phoenix  
  33  3:31  Probe  
  36  3:43  Probe  
  36  3:47  Stargate  
  37  3:49  Probe  
  37  3:55  Probe  
  39  3:57  Probe  
  40  4:07  Probe x2  
  40  4:08  Phoenix  
  44  4:19  Probe x2  
  44  4:21  Assimilator  
  47  4:31  Probe, Phoenix  
  47  4:34  Phoenix  
  47  4:35  Probe  
  50  4:43  Probe  
  53  4:47  Probe  
  54  4:55  Probe  
  54  4:59  Probe  
  56  5:06  Phoenix  
  58  5:07  Probe  
  58  5:12  Assimilator  
  58  5:14  Probe, Pylon  
  60  5:16  Zealot  
  62  5:21  Pylon  
  62  5:22  Pylon  
  62  5:24  Pylon  
  62  5:25  Forge  
  62  5:26  Phoenix  
  62  5:27  Phoenix  
  66  5:44  Probe x2, Pylon  
  66  5:46  Zealot  
  66  5:47  Phoenix  
  72  5:58  Phoenix  
  74  6:14  Phoenix  
  76  6:22  Phoenix  
  76  6:32  Phoenix  
  80  6:47  Phoenix  
  80  6:51  Nexus  
  80  6:53  Pylon  
  82  6:57  Pylon  
  82  6:59  Pylon  
  82  7:01  Zealot  
  81  7:07  Phoenix  
  77  7:15  Phoenix  
  79  7:28  Photon Cannon  
  79  7:30  Photon Cannon  
  79  7:31  Stargate  
  79  7:32  Assimilator  
  79  7:33  Stargate  
  79  7:35  Photon Cannon, Assimilator  
  79  7:36  Probe  
  80  7:39  Zealot  
  80  7:41  Photon Cannon  
  80  7:43  Photon Cannon  
  81  7:45  Phoenix  
  81  7:49  Probe x2  
  83  7:53  Phoenix  
  83  7:57  Pylon  
  87  8:01  Probe  
Tags
 
Add a new tag
Caveats
  • Supply blocks, unpowered buildings, or Contaminate may cause inaccurate times.
  • Supply counts are checked every 10 seconds.